 Dungeon Crawl Stone Soup version 0.28.0-43-g3370ac3207 (webtiles) character file.

Game seed: 18241975102028684707

3705 issech the Basher (level 9, -24/80 HPs)
             Began as a Troll Monk on Mar 14, 2022.
             Was a Priest of Hepliaklqana.
             Killed by the air
             ... invoked by Gastronok
              (34 damage)
             ... on level 7 of the Dungeon.
             The game lasted 00:24:13 (6445 turns).

issech the Basher (Troll Monk)                      Turns: 6445, Time: 00:24:14

Health: -24/80     AC:  8    Str: 21    XL:     9   Next: 91%
Magic:  8/8        EV: 17    Int:  6    God:    Hepliaklqana [***...]
Gold:   345        SH:  0    Dex: 16    Spells: 8/8 levels left

rFire   . . .      SeeInvis .   u - +2 club (spect)
rCold   . . .      Faith    .   (no shield)
rNeg    . . .      Spirit   .   l - +0 steam dragon scales
rPois   .          Reflect  .   (helmet restricted)
rElec   .          Harm     .   K - +0 cloak
rCorr   .          Rampage  .   (gloves unavailable)
Will    +....                   (boots unavailable)
Stlth   ++........              e - amulet of regeneration
HPRegen 1.83/turn               o - +4 ring of evasion
MPRegen 0.11/turn               n - ring of willpower

@: no status effects
A: reduced essence, large, unfitting armour, claws 3, regeneration 1, shaggy fur
1, tough skin 1
a: Renounce Religion, Recall Ancestor, Ancestor Identity, Transference


You were on level 7 of the Dungeon.
You worshipped Hepliaklqana.
Hepliaklqana was most pleased with you.
You visited 2 branches of the dungeon, and saw 9 of its levels.

You collected 345 gold pieces.

Inventory:

Hand Weapons
 s - a +1 flail
 u - a +2 spectral club (weapon)
 I - a +0 mace of protection
 J - a +3 quarterstaff of chaos
 L - a +0 vorpal giant club
 R - a +2 whip of distortion
 T - a +2 war axe of flaming
Missiles
 d - 280 stones (quivered)
 g - 102 bolts
 h - 4 javelins
 p - 125 arrows
 B - 85 sling bullets
 P - a curare-tipped dart
 Q - 6 poisoned darts
 V - a boomerang
Armour
 l - +0 steam dragon scales (worn)
 K - a +0 cloak (worn)
Magical Staves
 q - a staff of cold
Jewellery
 c - a ring of resist corrosion
 e - an amulet of regeneration (around neck)
 k - a ring of positive energy
 n - a ring of willpower (right claw)
 o - a +4 ring of evasion (left claw)
 r - a ring of wizardry
 C - a ring of ice
 Y - a ring of wizardry
 Z - a ring of willpower
Wands
 t - a wand of polymorph (16)
 G - a wand of acid (17)
Scrolls
 a - 2 scrolls of holy word
 j - a scroll of enchant weapon
 z - a scroll of summoning
 E - a scroll of vulnerability
 F - 2 scrolls of teleportation
 N - a scroll of immolation
 S - a scroll of noise {unknown}
 U - a scroll of torment
 X - a scroll of enchant armour
Potions
 f - 2 potions of attraction {unknown}
 m - 2 potions of resistance {unknown}
 v - a potion of cancellation {unknown}
 w - 6 potions of curing {unknown}
 D - a potion of magic {unknown}
 H - a potion of invisibility {unknown}
 M - 2 potions of haste
 O - 2 potions of brilliance {unknown}
 W - a potion of flight {unknown}


   Skills:
 + Level 5.8 Fighting
 + Level 8.7 Maces & Flails
 + Level 7.0 Dodging
 + Level 3.1 Stealth


You had 8 spell levels left.
You didn't know any spells.
Your spell library contained the following spells:

 Spells                   Type           Power      Damage    Failure   Level
 Ensorcelled Hibernation  Hex/Ice        0%         N/A       58%         2
 Spider Form              Tmut/Pois      0%         N/A       83%         3
 Anguish                  Hex/Necr       0%         N/A       99%         4
 Malign Gateway           Summ/Tloc      0%         N/A       100%        7
 Summon Horrible Things   Summ           0%         N/A       100%        8


Dungeon Overview and Level Annotations

Branches:
Dungeon (8/15)             Temple (1/1) D:6
   Lair: D:8-11

Altars:
Ashenzari
Cheibriados
Elyvilon
Fedhas
Gozag
Hepliaklqana
Kikubaaqudgha
Makhleb
Okawaru
Qazlal
Ru
Sif Muna
Uskayaw
Vehumet
Wu Jian
Xom
Zin

Shops:
D:4 :

Annotations:
D:7 Gastronok
D:8 Grum


Innate Abilities, Weirdness & Mutations

Your life essence is reduced to manifest your ancestor. (-10% HP)
You are too large for most types of armour.
You have claws for hands.
Your natural rate of healing is unusually fast.
You are covered in fur. (AC +1)
You have tough skin. (AC +1)


Message History

The orc warrior hits you with a +0 battleaxe.
The wolf misses you.
You hit Gastronok.
Gastronok is severely wounded.
Your +2 spectral club hits Gastronok!
The orc warrior completely misses you. The wolf completely misses you.
Gastronok looks encouraged for a moment.
You hit Gastronok.
Gastronok is almost dead.
Your +2 spectral club hits Gastronok.
The wolf bites you but does no damage.
The orc warrior hits you with a +0 battleaxe!
You hit Gastronok but do no damage.
Gastronok is almost dead.
Your +2 spectral club hits Gastronok.
The wolf closely misses you. The wolf bites you!
Grum the Hunter comes into view.
He is wielding a -2 spear.
The orc warrior closely misses you.
Grum growls angrily.
You hit Gastronok.
Gastronok is almost dead.
Your +2 spectral club hits Gastronok!
The wolf bites you.
A wolf comes into view.
Gastronok completely misses you. The orc warrior completely misses you.
The wolf misses you.
The wolf howls!
You hit Gastronok.
Gastronok is almost dead.
Your +2 spectral club hits Gastronok.
An orc comes into view. It is wielding a +0 dagger.
The wolf barely misses you.
The orc warrior hits you with a +0 battleaxe.
The wolf misses you. Gastronok bites you!!
* * * LOW HITPOINT WARNING * * *
The wolf barely misses you. The orc warrior misses you.
You climb upwards.
There is a stone staircase leading down here.
The wolf misses you.
Gastronok waves his eye-stalks in wide circles.
The air twists around and strikes you!!
You die...

...........#.####..#.####
##.)... ##.#######.#.# ##..#.#
#..)###
#.#######.#.###...#.######.))...
#......##................<..####
#.####.####.###.#...######......
#.# #.# #.# #.###.# #.##### #.#
#.# #.# #.# #.# ##......
#.####.# #.###.###.#####..###..
#......####.#..@h>o........# #.#
######...........w..######.###.#
#.######.#.#######.##...... #.#
#.#..........#..#### #.#
#.#########.....#### #.######.#
####...... #........# #######
##########


You could see Gastronok (swift), an orc warrior and a wolf.

Vanquished Creatures
  Sigmund (D:4)
  A water moccasin (D:7)
  2 ice beasts (D:6)
  An orc warrior (D:6)
  A black bear (D:7)
  A necrophage (D:5)
  An ogre (D:6)
  A kobold brigand (D:6)
  A bullfrog (D:6)
  Blork the orc (D:5)
  A gnoll sergeant (D:7)
  2 scorpions (D:5)
  A water moccasin zombie (D:6)
  2 howler monkeys
  2 bullfrog skeletons (D:7)
  A centaur zombie (D:7)
  4 jellies
  An orc priest (D:8)
  2 hounds (D:7)
  A gnoll shaman (D:4)
  Crazy Yiuf (D:5)
  Ijyb (D:4)
  3 iguanas (D:6)
  Natasha (thrice) (D:3)
  6 orc wizards
  A killer bee zombie (D:7)
  2 hound skeletons
  5 adders
  3 gnolls
  2 shadow imps (D:5)
  A white imp (D:6)
  2 adder skeletons (D:4)
  A worm (D:2)
  3 dart slugs
  8 orcs
  11 endoplasms
  5 giant cockroaches
  8 goblins
  8 hobgoblins
  7 jackals
  7 kobolds
  6 quokkas
  7 ball pythons
  9 bats
  3 frilled lizards
  6 rats
147 creatures vanquished.

Vanquished Creatures (collateral kills)
  Maggie (D:7)
  A wyvern (D:8)
  A steam dragon (D:7)
  A water moccasin (D:7)
  An ice beast (D:6)
  2 orc warriors
  A centaur (D:7)
  A kobold brigand (D:6)
  A bullfrog (D:7)
  2 scorpions
  A centaur skeleton (D:7)
  A bullfrog skeleton (D:6)
  2 iguanas (D:6)
  3 orc wizards
  An adder (D:6)
  A white imp (D:6)
  5 orcs
26 creatures vanquished.

Vanquished Creatures (others)
  A battlemage (D:8)
1 creature vanquished.

Grand Total: 174 creatures vanquished

Notes
Turn   | Place    | Note
-------+----------+-------------------------------------------
     0 | D:1      | issech the Troll Monk began the quest for the Orb.
     0 | D:1      | Reached XP level 1. HP: 22/22 MP: 0/0
   113 | D:1      | Reached XP level 2. HP: 25/29 MP: 1/1
   271 | D:1      | Reached skill level 3 in Maces & Flails
   434 | D:1      | Reached XP level 3. HP: 36/36 MP: 2/2
  1256 | D:2      | Reached XP level 4. HP: 44/44 MP: 3/3
  1367 | D:2      | Found a faded altar of an unknown god.
  1722 | D:3      | Noticed Natasha
  1736 | D:3      | Killed Natasha
  1962 | D:3      | Noticed Natasha
  1982 | D:3      | Killed Natasha
  1983 | D:3      | Reached skill level 4 in Maces & Flails
  1983 | D:3      | Reached XP level 5. HP: 31/53 MP: 4/4
  2045 | D:3      | Found an opulent altar of Gozag.
  2162 | D:3      | Noticed Natasha
  2180 | D:3      | Killed Natasha
  2391 | D:4      | Found Ogod's Book Emporium.
  2427 | D:4      | Noticed Ijyb
  2447 | D:4      | Killed Ijyb
  2448 | D:4      | Reached XP level 6. HP: 61/61 MP: 5/5
  2570 | D:4      | Noticed Sigmund
  2577 | D:4      | Killed Sigmund
  2578 | D:4      | Reached skill level 5 in Maces & Flails
  2878 | D:4      | Reached XP level 7. HP: 67/67 MP: 6/6
  3382 | D:5      | Entered Level 5 of the Dungeon
  3596 | D:5      | Found a radiant altar of Vehumet.
  3627 | D:5      | Found a blossoming altar of Fedhas.
  3864 | D:5      | Noticed Blork the orc
  3905 | D:5      | Killed Blork the orc
  4027 | D:5      | Reached skill level 6 in Maces & Flails
  4392 | D:5      | Found a runed translucent door.
  4393 | D:5      | Noticed Crazy Yiuf
  4405 | D:5      | Killed Crazy Yiuf
  4649 | D:6      | Reached XP level 8. HP: 58/78 MP: 7/7
  4826 | D:6      | Reached skill level 5 in Dodging
  4889 | D:6      | Found a staircase to the Ecumenical Temple.
  4909 | Temple   | Entered the Ecumenical Temple
  4917 | Temple   | Became a worshipper of Hepliaklqana the Forgotten
  4917 | Temple   | Reached * piety under Hepliaklqana
  4917 | Temple   | Reached ** piety under Hepliaklqana
  4918 | Temple   | Remembered your ancestor Yadidatum as a battlemage
  5112 | D:6      | Reached skill level 7 in Maces & Flails
  5394 | D:6      | Reached XP level 9. HP: 72/78 MP: 8/8
  5618 | D:7      | Reached skill level 5 in Fighting
  5835 | D:7      | Reached skill level 8 in Maces & Flails
  5975 | D:7      | Reached *** piety under Hepliaklqana
  6004 | D:7      | Found a white marble altar of Elyvilon.
  6085 | D:7      | Noticed Maggie
  6095 | D:7      | Killed Maggie
  6100 | D:7      | Found a snail-covered altar of Cheibriados.
  6385 | D:8      | Noticed Gastronok
  6439 | D:8      | Noticed Grum
  6442 | D:8      | HP: 4/80 [Gastronok (25)]
  6445 | D:7      | Killed from afar by Gastronok

Illustrated notes

Levels and vault maps discovered:
D:1:      heliophobic_arrival_enchanted_forest, layout_loops_ring,
          chequers_avenue
D:2:      minmay_diamond_boxcup, layout_rooms, chequers_ecumenical_altar_lobes
D:3:      layout_loops_ring, grunt_gozag_statues, serial_glass, glass_columns_a,
          glass_columns_a, glass_columns_a, glass_columns_a, glass_columns_a,
          glass_columns_c, glass_columns_c, glass_columns_a, glass_columns_c,
          glass_columns_a, glass_columns_a, glass_columns_a, glass_columns_b,
          glass_columns_a, due_unseen_surprise, minmay_strange_pillars,
          feat_on_display, minmay_strange_pillars, minmay_crystal_room,
          uniq_natasha
D:4:      layout_loops_cross, serial_shops, nicolae_shop_crystal,
          kennysheep_small_spiral, uniq_ijyb, uniq_sigmund
D:5:      layout_cave_pods, nicolae_vehumet_altar_sigil, fedhas_ov_isle_minmay,
          uniq_blork_the_orc, uniq_crazy_yiuf_cottage
D:6:      layout_gridville, minmay_temple_entry_statues_fountains, st_stairs_2,
          minmay_fractal_squares_gapless_5
D:7:      minmay_angry_zag, layout_loops_ring, elyvilon_altar_5,
          marbit_many_paths, amcnicky_mini_rare_corridor_liquid,
          minmay_misc_feat_more_columns, uniq_maggie
D:8:      layout_basic, erik_lair_orcish_takeover, kennysheep_nondescript,
          uniq_grum, uniq_gastronok
Temple:   nicolae_temple_no_exploring_needed

Skill      XL: |  1  2  3  4  5  6  7  8  9 |
---------------+----------------------------+-----
Maces & Flails | 3 4 5 6 7 8 |  8.7
Dodging        | 3 4 6 7 |  7.0
Fighting       | 3 4 5 |  5.8
Stealth        | 2 3 |  3.1

Action                   |  1- 3 |  4- 6 |  7- 9 || total
-------------------------+-------+-------+-------++-------
Melee: Mace              |   184 |    51 |       ||   235
       Flail             |       |    83 |       ||    83
       Punch             |       |     6 |     7 ||    13
       Club              |       |    37 |   272 ||   309
       Unarmed           |       |       |     3 ||     3
Invok: Ancestor Life: Ba |       |       |     1 ||     1
  Use: Scroll            |       |     1 |     8 ||     9
 Stab: Sleeping          |     3 |     1 |     1 ||     5
       Distracted        |       |     1 |     3 ||     4
Armor: Robe              |   103 |    49 |    22 ||   174
       Skin              |       |    14 |       ||    14
       Steam dragon scal |       |       |    12 ||    12
Dodge: Dodged            |   128 |   103 |   220 ||   451
